[Event "*** Titled Tuesday Blitz"]
[Site "Chess.com"]
[Date "2020.04.21"]
[Round "3"]
[White "DrVitman"]
[Black "lifeissofun"]
[Result "1-0"]
[WhiteElo "2538"]
[BlackElo "2271"]
[TimeControl "180+1"]
[EndTime "10:29:40 PDT"]
[Termination "DrVitman won by resignation"]

1. e4 c5 2. Nc3 Nc6 3. Bb5 Nd4 4.
Nf3 e6 5. O-O Nxb5 6. Nxb5 a6 7.
Nc3 b5 8. d4 cxd4 9. Qxd4 Bb7 10. Bg5 f6 11. Be3 Ne7 12. Rfe1 Nc6 13. Qd3 Be7 14.
a3 O-O 15. Rad1 d6 16. Qe2 Qc7 17. Nd4 Nxd4 18. Rxd4 Rfd8 19. Red1 Rac8 20. h3 Qc6 21. Qg4 f5 22. exf5 exf5 23. Qg3 Rd7 24. Nd5 Re8 25. c3 Bd8 26. Bg5 Bxg5 27. Qxg5 Rf7 28. f3 Qc5 29. Nf4 Rf6 30. Kh2 Qe5 31. Qg3 h6 32. Nh5 Qxg3+ 33. Kxg3 Rg6+ 34. Kf2 d5 35. Nf4 Rd6 36. Nxd5 Bxd5 37.
Rxd5 Rde6 38. R1d2 g6 39. Rd7 R8e7 40. Rxe7 Rxe7 41.
Rd6 Kf7 42. Rxa6 Rd7 43. Ke2 Re7+ 44. Kd2 Rd7+ 45. Kc2 Re7 46. Rd6 Re2+ 47. Rd2 Re3 48. Kb3 Ke6 49. Kb4 Re5 50. f4 Re4+ 51. Kxb5 Rxf4 52.
a4 Re4 53. a5 Re5+ 54. Kb6 Re1 55. a6 Ra1 56. a7 f4 57. c4 g5 58. c5 h5 59. c6 g4 60. hxg4 hxg4 61. c7 1-0

[Event "*** Titled Tuesday Blitz"]
[Site "Chess.com"]
[Date "2020.04.21"]
[Round "3"]
[White "kingofkolkata"]
[Black "dimke2802"]
[Result "1-0"]
[WhiteElo "2239"]
[BlackElo "2442"]
[TimeControl "180+1"]
[EndTime "10:29:40 PDT"]
[Termination "kingofkolkata won on time"]

1. d4 Nf6 2. c4 g6 3. g3 Bg7 4. Bg2 O-O 5. Nf3 d6 6. O-O c6 7.
Nc3 Qb6 8. Qc2 Qa6 9. b3 b5 10.
cxb5 cxb5 11. Ne5 Bb7 12. Nd3 Bxg2 13. Kxg2 Qb7+ 14. f3 Nbd7 15. Bb2 Rfc8 16. Qd2 Rc7 17. e4 Rac8 18. Rac1 a6 19. Nb4 Nb6 20. Nd3 Nfd7 21. Nf2 e5 22. Ne2 d5 23. dxe5 Nxe5 24. Rxc7 Rxc7 25. Rc1 Rxc1 26. Qxc1 dxe4 27. Nxe4 Nd3 28. Qd2 Bxb2 29. Qxd3 Qe7 30. Nf4 h5 31. Qc2 Be5 32.
Nd3 Bd4 33. Qc6 Qd8 34. h4 Nd5 35. Qxa6 Ne3+ 36. Kh2 Qc7 37. Qxb5 Qc2+ 38. Ndf2 Nd1 39. Qd3 Qxd3 40. Nxd3 Ne3 41. a4 Nd5 42. b4 Bg1+ 43.
Kxg1 f5 44. Nec5 Nc3 45. b5 Ne2+ 46. Kf2 Nd4 47. a5 Nc2 48. a6 Nb4 49. a7 Nxd3+ 50. Nxd3 1-0

[Event "*** Titled Tuesday Blitz"]
[Site "Chess.com"]
[Date "2020.04.21"]
[Round "3"]
[White "Efremov_Vlad"]
[Black "Rap_woyska"]
[Result "0-1"]
[WhiteElo "2143"]
[BlackElo "2361"]
[TimeControl "180+1"]
[EndTime "10:29:41 PDT"]
[Termination "Rap_woyska won on time"]

1. c4 e5 2. g3 Nf6 3. Bg2 d5 4.
cxd5 Nxd5 5. Nc3 Nb6 6. Nf3 Nc6 7. O-O Be7 8. b3 O-O 9. Bb2 Re8 10. d3 Bf8 11. Rc1 Bg4 12. Ne4 Nd4 13. Nxd4 exd4 14. h3 Bh5 15. g4 Bg6 16. Nc5 Bxc5 17. Rxc5 c6 18. Bf3 Qd6 19. Rc2 Nd7 20. Rc4 Ne5 21.
Rxd4 Nxf3+ 22. exf3 Qe7 23. f4 f6 24. f5 Bf7 25. Re4 Qd6 26. Rfe1 h6 27. Rxe8+ Bxe8 28. Re6 Qd5 29. Qd2 c5 30. Re4 Bc6 31. f3 Rd8 32. Re3 Kh7 33. Kf2 Qd6 34. Kg2 Qf4 35. Qe2 h5 36. Kg1 h4 37. Bc1 Bb5 38. Kg2 Qg3+ 39. Kf1 Qxh3+ 40. Qg2 Bxd3+ 41. Kg1 Qxg2+ 42. Kxg2 Bb1 43. Re7 Bxa2 44. Be3 b6 45. Rxa7 Bxb3 46. Rb7 Rd6 47. g5 Bd5 48. Rc7 fxg5 49. Bxg5 Kg8 50. f6 gxf6 51. Bh6 Rd8 52. Rg7+ Kh8 53. Rg4 Rg8 54. Rxg8+ Kxg8 0-1

[Event "*** Titled Tuesday Blitz"]
[Site "Chess.com"]
[Date "2020.04.21"]
[Round "3"]
[White "Problematique_99"]
[Black "JakubPulpan"]
[Result "1/2-1/2"]
[WhiteElo "2503"]
[BlackElo "2698"]
[TimeControl "180+1"]
[EndTime "10:29:42 PDT"]
[Termination "Game drawn by agreement"]

1. e4 e5 2. Nc3 Nf6 3. g3 c6 4.
Bg2 d5 5. d3 dxe4 6. dxe4 Qxd1+ 7. Nxd1 h5 8. h3 Nbd7 9. Ne2 Nc5 10. Ndc3 Be6 11. Be3 a5 12. f4 Bc4 13. b3 Ba6 14. a4 O-O-O 15. fxe5 Nfd7 16. O-O-O Nxe5 17. Rxd8+ Kxd8 18. Rd1+ Kc8 19. Nd4 g6 20. Bf4 Bh6 21.
Kb2 Bxf4 22. gxf4 Ned7 23. e5 Re8 24. Ne4 Nxe4 25. Bxe4 Nc5 26. Bf3 Rd8 27. Kc3 Kc7 28. f5 gxf5 29. Nxf5 Re8 30. Re1 Rh8 31. h4 Ne6 32. Nd6 f6 33. Nf7 Rh7 34. exf6 Rxf7 35. Rxe6 Kd7 36. Re7+ Rxe7 37. fxe7 Kxe7 38. Bxh5 b6 39. Bf3 Bb7 40. Kd4 Kf6 41. Ke3 Bc8 42. Bxc6 Bg4 43. Be4 Bd1 44. Kd4 Ke6 45. Kc4 Kd6 46.
Bg6 Be2+ 47. Kd4 Ke6 48. h5 Kf6 49. Kd5 b5 50. axb5 Bxb5 51. Kc5 a4 52. bxa4 Bxa4 53. c4 Bb3 54. Kd4 Bxc4 55. Kxc4 Kg7 56. Kd4 Kh8 1/2-1/2

[Event "*** Titled Tuesday Blitz"]
[Site "Chess.com"]
[Date "2020.04.21"]
[Round "3"]
[White "HomayoonTofighi"]
[Black "ftorodent"]
[Result "1-0"]
[WhiteElo "2916"]
[BlackElo "2664"]
[TimeControl "180+1"]
[EndTime "10:29:43 PDT"]
[Termination "HomayoonTofighi won on time"]

1. e4 e6 2. d4 d5 3. Nd2 c5 4. exd5 exd5 5. Ngf3 Nc6 6. Bb5 Bd6 7. dxc5 Bxc5 8. O-O Ne7 9. Nb3 Bd6 10. Re1 O-O 11.
Bg5 Qc7 12. h3 h6 13. Bxe7 Nxe7 14. Bd3 Bd7 15. c3 Rad8 16. Nbd4 Qc8 17. Bc2 Nf5 18. Qd3 g6 19. Qd2 Nxd4 20. Nxd4 Kg7 21. Bb3 Bb8 22. Rad1 Qc7 23. Nf3 Be6 24. Qd4+ Kh7 25. Qh4 Kg7 26. Rd2 Rd7 27. Ne5 Qxe5 28. Rxe5 Bxe5 29. Re2 Bf6 30. Qb4 Rfd8 31. Rd2 a6 32. Qc5 Rd6 33. Qe3 d4 34.
cxd4 Bxb3 35. Qxb3 Bxd4 36. Qxb7 Re6 37. g3 Rb6 38. Qc7 Rbd6 39. Kg2 R8d7 40. Qc4 Rd8 41. Rxd4 Rxd4 42. Qxa6 Rd2 43. Qc4 R8d3 44. a4 Rd4 45.
Qc3 Kh7 46. a5 R2d3 47. Qc7 Rd7 48. Qc4 R3d4 49. Qc3 Rd3 50. Qc6 R3d6 51. Qa4 Rd4 52. Qa3 Rb7 53. a6 Ra7 54. b4 Rd5 55. Qa4 Rd4 56.
Qa5 Rd2 57. b5 Rad7 58. b6 Rc2 59. a7 Rdd2 60. Qxd2 1-0

[Event "*** Titled Tuesday Blitz"]
[Site "Chess.com"]
[Date "2020.04.21"]
[Round "3"]
[White "Benjoneliere44"]
[Black "GuerrieroFromLevant"]
[Result "0-1"]
[WhiteElo "2590"]
[BlackElo "2404"]
[TimeControl "180+1"]
[EndTime "10:29:45 PDT"]
[Termination "GuerrieroFromLevant won by checkmate"]

1. d4 d5 2. c4 e6 3. Nc3 c5 4. e3 dxc4 5. Bxc4 Nf6 6. Nf3 a6 7. a3 b5 8. Be2 Bb7 9. O-O Nbd7 10.
dxc5 Nxc5 11. b4 Qxd1 12. Bxd1 Nd3 13. Bd2 Nb2 14. Be2 Rc8 15. a4 Bxb4 16. Rfb1 Bxc3 17.
Bxc3 Nxa4 18. Bd4 Be4 19. Rc1 O-O 20. Ne5 h6 21. f3 Bd5 22. Kf2 Rfd8 23. Bd3 Kf8 24.
Rxc8 Rxc8 25. e4 Bc6 26. Ke3 Be8 27. Be2 Nd7 28. Nd3 Nb8 29. Ra2 a5 30. Ne5 b4 31.
Bd1 Nc3 32. Bxc3 Rxc3+ 33. Kd2 f6 34. Nd3 Bb5 35. Nb2 Ra3 36. Bb3 Rxb3 37. Rxa5 Rxb2+ 38.
Ke3 Rxg2 39. Rxb5 Nd7 40. Rxb4 Rxh2 41. Rb7 Ke7 42. Ra7 g5 43. Rb7 h5 44. Ra7 h4 45. Ra8 h3 46. Rh8 Ne5 47. f4 gxf4+ 48. Kxf4 Nf7 49. Rh7 Rh1 50. Kg3 Kf8 51. Rh4 Ng5 52. e5 Kg7 53. exf6+ Kxf6 54. Ra4 e5 55. Ra6+ Kf5 56. Ra4 Ne4+ 57. Kf3 Rf1+ 58. Ke2 h2 59. Kxf1 h1=Q+ 60. Ke2 Qg2+ 61. Kd3 Qd2+ 62. Kc4 Nd6+ 63. Kc5 e4 64. Rd4 Qxd4+ 65. Kxd4 Kf4 66. Kc3 e3 67.
Kc2 Kf3 68. Kd1 Kf2 69. Kc2 e2 70. Kb2 e1=Q 71. Ka2 Qc1 72. Kb3 Qc4+ 73. Ka3 Qb5 74. Ka2 Nc4 75. Ka1 Qb2# 0-1

[Event "*** Titled Tuesday Blitz"]
[Site "Chess.com"]
[Date "2020.04.21"]
[Round "3"]
[White "Mikhail_Biryukov"]
[Black "Sychev_Klementy"]
[Result "1/2-1/2"]
[WhiteElo "2658"]
[BlackElo "2853"]
[TimeControl "180+1"]
[EndTime "10:29:46 PDT"]
[Termination "Game drawn by agreement"]

1. e4 e5 2. Nf3 Nc6 3. d4 exd4 4. Nxd4 Nf6 5. Nc3 Bc5 6. Nxc6 bxc6 7. Bd3 O-O 8. O-O d5 9. Bg5 Qd6 10. exd5 cxd5 11.
Bxf6 Qxf6 12. Nxd5 Qg5 13. c4 Rd8 14. Qc2 h5 15.
Kh1 h4 16. f4 Qh5 17. f5 h3 18.
Be4 Rb8 19. Rae1 Qg5 20. b3 c6 21. Nf4 hxg2+ 22. Qxg2 Qxg2+ 23. Kxg2 a5 24. Bxc6 Bxf5 25.
Nd5 Be6 26. Re2 Rbc8 27. Bb7 Rb8 28. Bc6 Rd6 29. Ba4 Bxd5+ 30. cxd5 Rxd5 31. Rf3 Rbd8 32. Bb5 Rd2 33. a4 Rxe2+ 34. Bxe2 g6 35. Bc4 Rd7 36. Rd3 Re7 37. Rd5 Bb4 38. Bb5 Kg7 39. Rd7 Rxd7 40.
Bxd7 f5 41. Kf3 Kf6 42. h3 Kg5 43. Be8 Bd6 44. Bf7 Kf6 45. Be8 Be5 46. Ke2 Bd6 47.
Kf3 Bc5 48. Ke2 Bb4 49. Kf3 g5 50. Bd7 Kg6 51. Bc8 Kf6 52. Bd7 Ke5 53. Bc8 Bd6 54.
Bd7 Bc7 55. Bc8 Bd6 56. Bd7 Be7 57. Bc8 f4 58. Bd7 Kd4 59. Be6 Kc3 60. Bf7 Kb4 61.
Be6 Kc3 62. Bf7 Kb4 1/2-1/2

[Event "*** Titled Tuesday Blitz"]
[Site "Chess.com"]
[Date "2020.04.21"]
[Round "3"]
[White "Playgood28"]
[Black "Oglob71"]
[Result "0-1"]
[WhiteElo "2202"]
[BlackElo "2455"]
[TimeControl "180+1"]
[EndTime "10:29:47 PDT"]
[Termination "Oglob71 won on time"]

1. d4 Nf6 2. c4 e6 3. Nc3 Bb4 4.
Qc2 d6 5. a3 Bxc3+ 6. Qxc3 Ne4 7. Qc2 f5 8. e3 O-O 9. Nf3 Nc6 10. Be2 e5 11. dxe5 dxe5 12. b4 Qe7 13. Bb2 Ng5 14. O-O Nxf3+ 15. Bxf3 e4 16. Be2 Ne5 17. Bxe5 Qxe5 18.
c5 Be6 19. Rad1 Rad8 20. Bc4 a6 21. h3 g6 22. Bxe6+ Qxe6 23. Rxd8 Rxd8 24. Rd1 Rd5 25. Rd2 c6 26. Qd1 Rxd2 27. Qxd2 Kf7 28. g3 h5 29. h4 Ke7 30. Qd4 Qf6 31. Qd1 Qe5 32. Kg2 a5 33. Qb3 Qe6 34. Qc3 Qf6 35.
Qb3 Qe6 36. Qc3 axb4 37. axb4 Kd7 38. Qg7+ Kc8 39. Qf8+ Kc7 40. Qh8 Qe7 41. Qg8 Qf6 42.
Qc4 Kb8 43. b5 cxb5 44. Qxb5 Qc6 45. Qc4 Ka7 46. Qb4 Ka6 47. Kh2 Qb5 48. Qa3+ Qa5 49.
Qc1 Qa2 50. Kg2 Kb5 51. Qc3 Qd5 52. Qf6 Qc6 53. Qe7 Kc4 54. Qd6 Kc3 55. Qe5+ Kb4 56. Qd6 Kb5 57. Qe7 Kc4 58. Qd6 Qxc5 59. Qxg6 b5 60.
Qxh5 b4 61. Qf7+ Kc3 62. h5 b3 63. h6 b2 64. h7 b1=Q 65. h8=Q+ Kd2 66. Qd7+ Qd3 0-1

[Event "*** Titled Tuesday Blitz"]
[Site "Chess.com"]
[Date "2020.04.21"]
[Round "3"]
[White "chessfrendz"]
[Black "profofchess"]
[Result "1-0"]
[WhiteElo "2290"]
[BlackElo "2374"]
[TimeControl "180+1"]
[EndTime "10:29:47 PDT"]
[Termination "chessfrendz won by resignation"]

1. Nf3 Nc6 2. g3 d5 3. Bg2 Bg4 4. d4 e6 5. O-O Nf6 6. Bf4 Bd6 7.
Ne5 Bxe5 8. Bxe5 Nxe5 9. dxe5 Nd7 10. f4 O-O 11. h3 Bf5 12. Nc3 Nc5 13. b4 Ne4 14. Nxe4 Bxe4 15. Bxe4 dxe4 16. e3 a5 17. b5 a4 18. Qxd8 Rfxd8 19. Rfd1 Kf8 20. Kf2 Ke7 21.
Rd4 Rd5 22. c4 Rxd4 23. exd4 f5 24. exf6+ gxf6 25. Ke3 f5 26. g4 Rg8 27. g5 Kd6 28. h4 Rc8 29. Rb1 b6 30. Rb4 Ra8 31. h5 Ke7 32. a3 Kf7 33. c5 Ke7 34. cxb6 cxb6 35. Rc4 Kd7 36. Rc6 Rb8 37. d5 exd5 38. Kd4 Ke7 39. Rc7+ Kd6 40. Rxh7 Re8 41. Rh6+ Kd7 42. Rh7+ Kd6 43. Rh6+ Kd7 44. Rc6 e3 45. Rc1 e2 46.
Re1 Kd6 47. Kd3 Re4 48. Rxe2 Rxf4 49. h6 Rh4 50. Rg2 Rh3+ 51. Kd4 Rh4+ 52. Ke3 Ke7 53. Kf3 Kf8 54. Rd2 Rh3+ 55. Kf4 Rxa3 56.
g6 Rh3 57. Kg5 Rg3+ 58. Kf6 f4 59. Rxd5 Re3 60. Rd8+ 1-0

[Event "*** Titled Tuesday Blitz"]
[Site "Chess.com"]
[Date "2020.04.21"]
[Round "3"]
[White "want2lose"]
[Black "Firegrizzly"]
[Result "1/2-1/2"]
[WhiteElo "2915"]
[BlackElo "2682"]
[TimeControl "180+1"]
[EndTime "10:29:48 PDT"]
[Termination "Game drawn - insufficient material"]

1. Nf3 Nf6 2. g3 e6 3. Bg2 b5 4. b3 d5 5. c4 bxc4 6. bxc4 Be7 7. O-O O-O 8. d4 Ba6 9. cxd5 exd5 10. Nc3 Nbd7 11.
Bf4 c5 12. dxc5 Nxc5 13. Nd4 Rc8 14. Nf5 Ne6 15. Nxd5 Nxd5 16. Qxd5 Nxf4 17. gxf4 Bf6 18. Rac1 Bxe2 19. Rxc8 Qxc8 20. Re1 Bc4 21. Qa5 Bxa2 22. Nh6+ gxh6 23. Qxa2 Qc5 24. Kh1 Kh8 25. Bd5 Qc7 26.
Qa4 h5 27. Ba2 h4 28. Bb1 Qb7+ 29. Be4 Qb2 30. Bb1 Qb7+ 31. Be4 Qe7 32. Re2 Rg8 33. Bd3 Qb7+ 34. Qe4 Qxe4+ 35. Bxe4 a5 36. Bd5 a4 37.
Bxf7 Rf8 38. Be6 a3 39. f5 Bb2 40. Kg2 Kg7 41. Kf3 Kf6 42. Ke4 Rb8 43. Kd3 Be5 44.
f3 h3 45. Ke4 Rb2 46. Rxb2 axb2 47. Ba2 Bxh2 48. f4 Bxf4 49. Kf3 h2 50. Kg2 h5 51. Bb1 Bd6 52. Bc2 Kg5 53. Bb1 Kg4 54. Kh1 h4 55. f6 Kg3 56. f7 Kf2 57. Bc2 Bf8 58. Bb1 Ke2 59. Bc2 Kd2 60. Bb1 Kc1 61. Bf5 b1=Q 62.
Bxb1 Kxb1 63. Kxh2 Kc2 64. Kh3 Be7 65. f8=Q Bxf8 66.
Kxh4 1/2-1/2

[Event "*** Titled Tuesday Blitz"]
[Site "Chess.com"]
[Date "2020.04.21"]
[Round "3"]
[White "eljanov"]
[Black "NTBT_DHS"]
[Result "1-0"]
[WhiteElo "2813"]
[BlackElo "2622"]
[TimeControl "180+1"]
[EndTime "10:29:48 PDT"]
[Termination "eljanov won by resignation"]

1. Nf3 Nf6 2. c4 g6 3. Nc3 Bg7 4.
e4 O-O 5. d4 d6 6. Be2 e5 7.
O-O Nc6 8. d5 Ne7 9. b4 Nh5 10.
Re1 f5 11. Ng5 Nf6 12. Bf3 a5 13. b5 Rb8 14. a4 h6 15. Ne6 Bxe6 16. dxe6 Qc8 17.
Nd5 Qxe6 18. Nxc7 Qxc4 19. Qxd6 fxe4 20. Be2 Qf7 21. Ba3 Nf5 22. Qe6 Qxe6 23. Nxe6 Rfc8 24. Bb2 Nd4 25. Nxd4 exd4 26. Bxd4 Nd5 27. Bxg7 Kxg7 28. Rad1 Nc3 29. Rd7+ Kf6 30. Bf1 Re8 31. Rd6+ Ke5 32. Rxg6 Nxa4 33. Rxh6 Nc3 34. h4 a4 35. Ra1 Rbd8 36. h5 Rh8 37. Rxh8 Rxh8 38. g4 Rg8 39. Bh3 Kf4 40. Kg2 Kg5 41. Ra3 Nxb5 42. Rxa4 Nd6 43.
Rd4 Rd8 44. Rd5+ Kh6 45. Kg3 b5 46. Kh4 b4 47. g5+ Kg7 48. h6+ Kg6 49. Ra5 b3 50.
Ra6 Kh7 51. Rb6 Ne8 52. Bf5+ Kh8 53. g6 Nd6 54. g7+ Kg8 55. Be6+ Kh7 56. g8=Q+ Rxg8 57. Bxg8+ Kh8 58. Rxd6 b2 59. Rb6 e3 60. fxe3 1-0

[Event "*** Titled Tuesday Blitz"]
[Site "Chess.com"]
[Date "2020.04.21"]
[Round "3"]
[White "Gennady_Kozlov"]
[Black "AlexTriapishko"]
[Result "1-0"]
[WhiteElo "2570"]
[BlackElo "2754"]
[TimeControl "180+1"]
[EndTime "10:29:48 PDT"]
[Termination "Gennady_Kozlov won by resignation"]

1. b3 Nf6 2. Bb2 g6 3. e3 Bg7 4. f4 O-O 5. Nf3 d5 6. Be2 c5 7. O-O Nc6 8. Ne5 Bd7 9. Bf3 Rc8 10. Qe2 a6 11. d3 d4 12. Nxc6 Bxc6 13. e4 e5 14.
fxe5 Nd7 15. Bg4 Bxe5 16. Nd2 Rc7 17. Ba3 Qe7 18. Nc4 Bg7 19. Bxd7 Bxd7 20. Rae1 Be6 21.
Qf3 b5 22. Nd2 Qg5 23. Bc1 Rfc8 24. a4 Qe7 25. axb5 axb5 26. Ba3 Qd7 27. Qg3 c4 28. Bd6 Rc6 29. e5 cxb3 30. cxb3 Bd5 31. b4 f5 32.
exf6 Qxd6 33. Qxd6 Rxd6 34. fxg7 Rd7 35. Re5 Kxg7 36.
Rf4 Rc1+ 37. Kf2 Rc2 38. Re2 Bb7 39. Nf3 Rxe2+ 40. Kxe2 Bxf3+ 41. Kxf3 h5 42. Ke4 Re7+ 43.
Kxd4 Re2 44. g4 Rxh2 45. gxh5 Rxh5 46. Ke4 Rh3 47. Rg4 Kf6 48. Kd4 Kf5 49. Re4 g5 50.
Re5+ Kf4 51. Rxb5 g4 52. Rb8 Rh7 53. Rf8+ Kg5 54. Rg8+ Kf4 55. b5 g3 56. b6 Kf3 57.
Kc5 Rh5+ 58. Kc6 Rh6+ 59. Kb5 Rd6 60. b7 Rxd3 61. Kc4 Rd1 62. b8=Q 1-0

[Event "*** Titled Tuesday Blitz"]
[Site "Chess.com"]
[Date "2020.04.21"]
[Round "3"]
[White "fabianvivasz"]
[Black "GamayevOleg"]
[Result "1-0"]
[WhiteElo "2329"]
[BlackElo "2542"]
[TimeControl "180+1"]
[EndTime "10:29:49 PDT"]
[Termination "fabianvivasz won by checkmate"]

1. e4 d6 2. d4 Nf6 3. Nc3 e5 4. dxe5 dxe5 5. Qxd8+ Kxd8 6. Bc4 Be6 7. Bxe6 fxe6 8. Bg5 Bd6 9. O-O-O Ke7 10. f3 Nc6 11. Nh3 a6 12. Nf2 b5 13. Rhe1 Rhb8 14. Ng4 Na5 15.
f4 h6 16. fxe5 hxg5 17. exd6+ cxd6 18. Ne3 Nc6 19. h3 Ne5 20. Ne2 Rc8 21. Ng3 Rc7 22. Rd2 Rac8 23. Red1 Rd8 24. Nef1 Nc4 25.
Re2 Rc5 26. Nh2 Rdc8 27. Nf3 g4 28. hxg4 Nxg4 29. Rh1 Nce5 30. Nxe5 Nxe5 31. Nh5 Kf7 32. Rf2+ Kg8 33. Nf4 Re8 34. Rh3 Rc7 35. Nd3 Nc4 36. Rhf3 a5 37. b3 Nb6 38. Kb2 Nd7 39. Re3 e5 40. Ref3 Nf6 41. Re2 Rec8 42. Nf2 b4 43. Rd3 Rc6 44. Red2 Ne8 45. Nd1 R8c7 46. Ne3 a4 47.
Nd5 a3+ 48. Kc1 Rf7 49. Rf3 Rxf3 50. gxf3 Nf6 51. Nxb4 Ra6 52. Nd5 Nxd5 53. Rxd5 Kf7 54. Kd2 Ke6 55. c4 g5 56. b4 Ra7 57. Kc3 Rf7 58. Rd3 Rb7 59. c5 dxc5 60. bxc5 Rb2 61.
Rd2 Rb1 62. Kc4 Rc1+ 63. Kb5 Rc3 64. c6 Rc1 65. Kb6 Rb1+ 66. Ka7 Rb2 67. c7 Rxd2 68. c8=Q+ Rd7+ 69. Kb6 Kd6 70. Qc6+ Ke7 71. Qc5+ Ke6 72. Qxa3 Rd6+ 73. Kc5 Rd4 74. Qb3+ Kf6 75. Qb6+ Kf7 76. Qc7+ Kf6 77. Qc8 Rd2 78. Qf8+ Kg6 79. Qg8+ Kf6 80. Qf8+ Kg6 81. Qf5+ Kh5 82. Qxe5 Rxa2 83. Kd6 Ra6+ 84. Ke7 Ra7+ 85. Kf6 Rh7 86. Qh2# 1-0

[Event "*** Titled Tuesday Blitz"]
[Site "Chess.com"]
[Date "2020.04.21"]
[Round "3"]
[White "Maybe00"]
[Black "Sethu0025"]
[Result "1/2-1/2"]
[WhiteElo "2634"]
[BlackElo "2816"]
[TimeControl "180+1"]
[EndTime "10:29:50 PDT"]
[Termination "Game drawn - insufficient material"]

1. d4 d5 2. c4 e6 3. Nf3 Nf6 4. Nc3 c6 5. Bg5 Nbd7 6. e3 Qa5 7. Nd2 Bb4 8. Qc2 Ne4 9. Ndxe4 dxe4 10. Bh4 O-O 11. a3 e5 12. Rd1 Bd6 13. Bg3 Re8 14.
Be2 exd4 15. Bxd6 dxc3 16. Qxc3 Qxc3+ 17. bxc3 Nb6 18. c5 Na4 19. Kd2 Be6 20. Kc2 b6 21. Rd4 Nxc5 22. Bxc5 bxc5 23. Rd6 Rab8 24. c4 Rb6 25.
Rb1 Rc8 26. Rb3 Kf8 27. g4 Ke7 28. Rd1 Rcb8 29. Rdb1 Kf6 30. h4 h6 31. Kc3 g5 32.
hxg5+ Kxg5 33. Rxb6 Rxb6 34. Rh1 Bxg4 35. Bxg4 Kxg4 36. Rxh6 f5 37. Rf6 Ra6 38. Kb3 Rb6+ 39. Kc2 a5 40. Rg6+ Kf3 41. Rf6 Kxf2 42. Rxf5+ Kxe3 43.
Rxc5 Kd4 44. Rxa5 Kxc4 45. Re5 Kd4 46. Re8 Ke3 47. a4 Ra6 48. Kb3 Kf3 49. Rf8+ Ke2 50. Re8 e3 51. Kb4 Kf2 52. Rf8+ Ke1 53. a5 e2 54. Re8 c5+ 55. Kb5 Ra7 56. Kb6 Rf7 57.
Kxc5 Kf1 58. Rxe2 Kxe2 59. a6 Kd3 60. Kb6 Kc4 61. a7 Rf8 62. Kb7 Rf7+ 63. Kb6 Rxa7 64.
Kxa7 1/2-1/2

[Event "*** Titled Tuesday Blitz"]
[Site "Chess.com"]
[Date "2020.04.21"]
[Round "3"]
[White "GM_LOADING"]
[Black "secretsuperstar7"]
[Result "1-0"]
[WhiteElo "2514"]
[BlackElo "2186"]
[TimeControl "180+1"]
[EndTime "10:29:50 PDT"]
[Termination "GM_LOADING won by checkmate"]

1. e4 c5 2. Nf3 d6 3. d4 cxd4 4.
Nxd4 Nf6 5. Nc3 a6 6. Be2 e5 7. Nf3 Be7 8. Bg5 O-O 9. O-O Be6 10.
Bxf6 Bxf6 11. Nd5 Be7 12. Bc4 Nd7 13. Qe2 Nc5 14. Rfd1 b5 15. Bb3 Rb8 16. c3 a5 17.
Rd2 Bg4 18. h3 Bh5 19. Qe3 Bg6 20. Bc2 b4 21. cxb4 axb4 22. Rad1 Nb7 23. Nxb4 Rc8 24. Nd5 Bh5 25. b4 Bxf3 26. Qxf3 Bg5 27. Re2 Rc4 28.
Bb3 Rc6 29. a4 Kh8 30. a5 Nxa5 31. bxa5 Qxa5 32. g3 h6 33. h4 Bd8 34. Ra2 Qc5 35.
Rc2 Qb5 36. Rxc6 Qxc6 37. Qc3 Qa6 38. Qc4 Qa7 39. Qc6 Qb8 40. Ba4 Kg8 41. Ne3 Qa7 42.
Nf5 Bb6 43. Rd2 Qa5 44. Qc2 Bc5 45. Nxd6 Bb4 46. Nc4 Qc5 47. Rd5 Qc7 48. Nxe5 Qb7 49. Bb3 Kh7 50. Nf3 Be7 51. e5+ Kh8 52. Qd3 Rc8 53.
Rd7 Qb4 54. Bxf7 Rc1+ 55. Kg2 Qb5 56. Rd8+ Bxd8 57. Qxd8+ Kh7 58. Qg8# 1-0

[Event "*** Titled Tuesday Blitz"]
[Site "Chess.com"]
[Date "2020.04.21"]
[Round "3"]
[White "Dinamo81"]
[Black "Harsha_Bharathakoti"]
[Result "1-0"]
[WhiteElo "2636"]
[BlackElo "2790"]
[TimeControl "180+1"]
[EndTime "10:29:51 PDT"]
[Termination "Dinamo81 won by resignation"]

1. d4 d5 2. Bf4 Nf6 3. e3 e6 4. Nd2 Bd6 5. Bg3 c5 6. c3 Qc7 7. Ngf3 Nbd7 8. Bxd6 Qxd6 9. c4 cxd4 10. exd4 b6 11. Bd3 Bb7 12. O-O O-O 13. a3 Rac8 14. Rc1 dxc4 15. Nxc4 Qf4 16. Qd2 Qxd2 17. Nfxd2 Ba6 18. b4 Rfd8 19. Rfd1 Nb8 20. Nb3 Kf8 21. a4 Bxc4 22. Bxc4 Rc7 23. Bb5 Rxc1 24. Rxc1 Nd5 25. a5 Nxb4 26. axb6 axb6 27. Rc7 Nd5 28. Rb7 Nf6 29. Rxb6 Nbd7 30. Rb7 Kg8 31. g3 Nf8 32. Kg2 g5 33. Kf3 Ng6 34. h3 h5 35. Bd3 Kg7 36.
Rb5 g4+ 37. hxg4 hxg4+ 38. Ke2 Nd5 39. Kd2 Ra8 40. Nc5 Ra2+ 41. Bc2 Nge7 42. Rb7 Ra3 43. Bb3 Kf6 44. Kc2 Nf5 45. Kb2 Ra8 46. Ne4+ Kg6 47. Bxd5 exd5 48. Nc3 Nxd4 49. Nxd5 Re8 50. Rb6+ Kg7 51.
Ne3 f5 52. Rb4 Re4 53. Rxd4 Re5 54. Rf4 Kg6 55. Kc3 Ra5 56. Kd3 Ra3+ 57. Ke2 Ra2+ 58. Kf1 Ra1+ 59. Kg2 Ra5 60. Rd4 Kg5 61. Rd5 1-0

[Event "*** Titled Tuesday Blitz"]
[Site "Chess.com"]
[Date "2020.04.21"]
[Round "3"]
[White "The_Machine04"]
[Black "PawnEatingZombie"]
[Result "0-1"]
[WhiteElo "2336"]
[BlackElo "2133"]
[TimeControl "180+1"]
[EndTime "10:29:52 PDT"]
[Termination "PawnEatingZombie won on time"]

1. d4 d5 2. Bf4 e6 3. e3 Nf6 4.
Bd3 Bd6 5. Bg3 c5 6. c3 Qc7 7. Nd2 Nbd7 8. Bxd6 Qxd6 9. f4 cxd4 10. cxd4 O-O 11.
Ngf3 b6 12. Ne5 Nb8 13. O-O Ba6 14. Bxa6 Nxa6 15. Qe2 Nb8 16. Rac1 Nfd7 17. Rc3 f6 18. Nxd7 Nxd7 19. Rfc1 Rf7 20. Rc6 Qb4 21. Nf3 Nf8 22.
a3 Qa5 23. Qc2 h6 24. Rc7 Rxc7 25. Qxc7 Qa4 26. Qb7 Rd8 27. Rc7 Rd7 28. Rxd7 Qxd7 29. Qxd7 Nxd7 30. Kf2 Kf7 31. Ke2 Ke7 32. Kd3 Kd6 33. b4 a6 34. a4 b5 35. a5 Nf8 36.
Nd2 Nd7 37. Nb3 Nb8 38. Nc5 e5 39. fxe5+ fxe5 40. e4 Nc6 41. Nxa6 exd4 42. exd5 Kxd5 43. Nc7+ Ke5 44. a6 Nxb4+ 45. Kd2 Nxa6 46. Nxa6 Kd5 47. Nb4+ Kc4 48. Nd3 b4 49. Kc2 b3+ 50. Kd2 g5 51. g4 Kd5 52. Nb2 Ke4 53. h3 Kf3 54. Kd3 Kg3 55. Ke4 Kxh3 56. Kf5 Kh4 57. Nd3 h5 58. gxh5 Kxh5 59. Ke4 Kh4 60. Kxd4 g4 61. Ke3 Kh3 62. Kf2 Kh2 63. Kf1 g3 0-1

[Event "*** Titled Tuesday Blitz"]
[Site "Chess.com"]
[Date "2020.04.21"]
[Round "3"]
[White "colegiodemadrid"]
[Black "DanielDardha2005"]
[Result "0-1"]
[WhiteElo "2313"]
[BlackElo "2564"]
[TimeControl "180+1"]
[EndTime "10:29:53 PDT"]
[Termination "DanielDardha2005 won by resignation"]

1. e4 c5 2. Nf3 Nc6 3. d4 cxd4 4.
Nxd4 Nf6 5. Nc3 e5 6. Ndb5 d6 7. Bg5 a6 8. Na3 b5 9. Nd5 Be7 10. Bxf6 Bxf6 11. c3 Ne7 12. Nxf6+ gxf6 13. Bd3 Bb7 14. Nc2 d5 15. exd5 Qxd5 16. Ne3 Qe6 17. Qe2 O-O-O 18. a4 e4 19. Bc2 bxa4 20. Rxa4 f5 21. g3 Rd6 22. Nc4 Rc6 23. Bb3 Qh6 24. O-O f4 25. Qxe4 Qxh2+ 26. Kxh2 Rh6+ 27. Kg1 Bxe4 28. Nd6+ Rxd6 29. Rxe4 Ng6 30. Bxf7 Rf8 31. Bxg6 Rxg6 32.
Kg2 fxg3 33. fxg3 Rxg3+ 34. Kxg3 Rxf1 35. Rb4 Kc7 36. Kh4 Kc6 37. Rc4+ Kb5 38. Rb4+ Kc5 39. Ra4 Rf6 40. b3 Rb6 41. Rc4+ Kd5 42. Rd4+ Ke5 43. b4 Rc6 44. Rd3 Ke4 45. Rg3 Kd5 46. Kh5 Kc4 47. Rf3 Kb3 48. Rf7 Kxc3 49. Rxh7 Kxb4 50.
Kg4 Rf6 51. Rb7+ Ka4 52. Kg5 Rf2 53. Kg4 a5 54. Kg3 Rf6 55. Kg2 Ka3 56. Kg3 a4 57. Kg2 Ka2 58. Kg3 a3 59. Kg2 Ka1 60. Kg1 a2 61.
Kg2 Rd6 62. Kf2 Rd1 63. Ke2 Rb1 64. Ra7 Kb2 65. Kd2 a1=Q 66. Rb7+ Ka3 0-1